 Dungeon Crawl Stone Soup version 0.31-a0-175-g9f7f995f2b (webtiles) character file.

Game seed: 11250293698701072800

741 qw the Chopper (level 7, -6/44 HPs)
             Began as a Gargoyle Fighter on June 16, 2023.
             Mangled by a gnoll
             ... wielding a +0 halberd
             ... led by a gnoll sergeant
              (12 damage)
             ... on level 5 of the Dungeon.
             The game lasted 00:01:43 (3804 turns).

qw the Chopper (Gargoyle Fighter)                   Turns: 3804, Time: 00:01:44

Health: -6/44      AC: 16    Str: 22    XL:     7   Next: 75%
Magic:  7/7        EV:  8    Int:  8    God:
Gold:   162        SH:  8    Dex:  9    Spells: 6/6 levels left

rFire   . . .        Y - +1 war axe
rCold   . . .        l - +0 kite shield
rNeg    + . .        b - +0 scale mail
rPois   inf          (no helmet)
rElec   +            (no cloak)
rCorr   .            (no gloves)
SInv    .            o - +0 pair of boots
Will    .....        e - amulet of faith Stlth
                     f - +4 ring of protection
HPRegen 0.27/turn    (no ring)
MPRegen 0.10/turn

%: faith
@: about to teleport
A: sickness immunity, AC +4, negative energy resistance 1, electricity
resistance, torment resistance 1, petrification resistance
a: no special abilities


You were on level 5 of the Dungeon.
You visited 1 branch of the dungeon, and saw 5 of its levels.

You collected 162 gold pieces.


Innate Abilities, Weirdness & Mutations

You are immune to sickness and miasma.
Your stone body is resilient. (AC +4)
You are immune to poison.
You resist negative energy. (rN+)
You are resistant to electric shocks. (rElec)
You are resistant to unholy torment.
You are immune to petrification.


   Skills:
 - Level 4.5 Fighting
 - Level 6.0 Axes
 - Level 3.2 Armour
 - Level 1.0 Dodging
 + Level 5.6 Shields


You had 6 spell levels left.
You didn't know any spells.
Your spell library was empty.

Inventory:

Hand Weapons
 m - a +2 flail of protection
 Y - a +1 war axe (weapon)
Armour
 b - a +0 scale mail (worn)
 l - a +0 kite shield (worn)
 n - a +2 robe of resistance
 o - a +0 pair of boots (worn)
Jewellery
 e - an amulet of faith (around neck)
 f - a +4 ring of protection (left hand)
 g - a ring of fire
Scrolls
 a - a scroll of identify
 c - a scroll of teleportation
 h - a scroll of enchant armour {unknown}
Potions
 d - 2 potions of might
 j - a potion of haste
 k - a potion of attraction
 p - a potion of lignification {unknown}

Dungeon Overview and Level Annotations

Branches:
Dungeon (5/15)
 Temple: D:4-7

Altars:


Message History

You closely miss the gnoll.
The gnoll is almost dead.
You block the gnoll's attack.
The gnoll hits you but does no damage. x2
You barely miss the gnoll.
The gnoll is almost dead.
The gnoll hits you from afar with a +0 halberd.
You block the gnoll's attack.
The gnoll hits you but does no damage. x2
You block the gnoll's attack. The gnoll barely misses you.
You hit the gnoll.
You kill the gnoll!
You block the gnoll's attack. x2
You hit the iguana but do no damage.
The iguana bites you but does no damage.
You block the gnoll's attack.
The gnoll hits you from afar with a +0 spear.
You barely miss the iguana. The iguana barely misses you.
The gnoll hits you but does no damage. You block the gnoll's attack.
The gnoll barely misses you. You block the iguana's attack.
The gnoll hits you but does no damage.
You slice the iguana!!
You kill the iguana!
The gnoll barely misses you. x2
You slash the gnoll!
The gnoll is severely wounded.
The gnoll hits you from afar with a +0 halberd!
You block the gnoll's attack. x2
You hit the gnoll.
You kill the gnoll!
You block the gnoll's attack.
The gnoll hits you from afar with a +0 spear.
You block the gnoll's attack. The gnoll barely misses you.
3802 ||| READING 2 scrolls of teleportation.
As you read the scroll of teleportation, it crumbles to dust.
You feel strangely unstable.
The gnoll hits you but does no damage. x2
You block the gnoll's attack. The gnoll hits you with a +0 spear.
Items here: %% ( ))) [.
You barely miss the gnoll. You hit the gnoll.
The gnoll hits you with a +0 halberd!
You die...

##'###### #......!#
#.......# #.......#
#.......# #.......#
#gg.....# #@#
##########)#
#........#.##########
#.######.#.#........#
#.#....#.#(#........#
#.#.##.#.#.#.)))....#
#.#..#.#.#%#...)....#
#.#..#.#.#.#........#
#.#..#.#.#....<.....#


You could see 2 gnolls.

Vanquished Creatures
  An ogre (D:4)
  A kobold brigand (D:5)
  A gnoll sergeant (D:5)
  2 hounds (D:4)
  3 orc priests (D:4)
  Ijyb (D:4)
  2 iguanas
  Natasha (thrice) (D:2)
  2 orc wizards (D:4)
  3 adders
  3 gnolls (D:5)
  A worm (D:2)
  A dart slug (D:1)
  8 orcs (D:4)
  8 ball pythons
  6 bats
  3 endoplasms
  3 giant cockroaches
  14 goblins
  5 hobgoblins
  7 jackals (D:1)
  2 quokkas
  2 frilled lizards (D:1)
  10 kobolds
  8 rats
100 creatures vanquished.

Vanquished Creatures (others)
  An orc wizard (D:4)
1 creature vanquished.

Grand Total: 101 creatures vanquished

Notes
Turn   | Place    | Note
-------+----------+-------------------------------------------
     0 | D:1      | qw the Gargoyle Fighter began the quest for the Orb.
     0 | D:1      | Reached XP level 1. HP: 14/14 MP: 1/1
     0 | D:1      | 0 ||| qw: Version: 0.2-a-29-g511e9b1
     0 | D:1      | 0 ||| qw: Game counter: 5938
     0 | D:1      | 0 ||| qw: Always use a shield: true
     0 | D:1      | 0 ||| qw: God list: Okawaru
     0 | D:1      | 0 ||| qw: Allow faded altars: false
     0 | D:1      | 0 ||| qw: Do Orc after D:15 true
     0 | D:1      | 0 ||| qw: Do second Lair branch before Depths: true
     0 | D:1      | 0 ||| qw: Lair rune preference: random
     0 | D:1      | 0 ||| qw: Plans: Normal, Zot:1-4, Slime:5, God:TSO, Crypt,
                  | Tomb, Abyss, Pan, Hells, Win
     0 | D:1      | 0 ||| PLANNING D:1-11
    54 | D:1      | Reached skill level 2 in Axes
   148 | D:1      | 148 ||| Stepping ~*~*~tactically~*~*~ (stealth).
   163 | D:1      | Reached XP level 2. HP: 15/19 MP: 2/2
   216 | D:1      | 216 ||| FLEEEEING.
   217 | D:1      | 217 ||| FLEEEEING.
   218 | D:1      | 218 ||| FLEEEEING.
   219 | D:1      | 219 ||| FLEEEEING.
   226 | D:1      | 226 ||| Stepping ~*~*~tactically~*~*~ (hiding).
   229 | D:1      | 229 ||| Stepping ~*~*~tactically~*~*~ (hiding).
   254 | D:1      | 254 ||| Stepping ~*~*~tactically~*~*~ (stealth).
   255 | D:1      | 255 ||| Stepping ~*~*~tactically~*~*~ (stealth).
   256 | D:1      | 256 ||| Stepping ~*~*~tactically~*~*~ (stealth).
   346 | D:1      | Found a faded altar of an unknown god.
   385 | D:1      | 385 ||| Stepping ~*~*~tactically~*~*~ (stealth).
   399 | D:1      | Reached skill level 3 in Axes
   655 | D:1      | Reached XP level 3. HP: 23/23 MP: 3/3
   910 | D:1      | 910 ||| UPGRADING to +4 ring of protection.
   911 | D:1      | 911 ||| READING scroll labelled FOECUJ VUNARO.
   912 | D:1      | 912 ||| READING scroll labelled OTSAEM ONUHAUG.
   913 | D:1      | 913 ||| READING scroll labelled DODIHO SI JYIPP.
   914 | D:1      | 914 ||| DRINKING 2 sapphire potions.
  1370 | D:2      | Noticed Natasha
  1371 | D:2      | 1371 ||| Stepping ~*~*~tactically~*~*~ (hiding).
  1382 | D:2      | Killed Natasha
  1383 | D:2      | Reached XP level 4. HP: 21/28 MP: 4/4
  1578 | D:2      | Noticed Natasha
  1583 | D:2      | Killed Natasha
  1584 | D:2      | Reached skill level 4 in Axes
  1637 | D:2      | Noticed Natasha
  1642 | D:2      | Killed Natasha
  1643 | D:2      | Reached XP level 5. HP: 30/32 MP: 5/5
  1674 | D:2      | 1674 ||| UPGRADING to amulet of faith.
  1679 | D:2      | 1679 ||| READING scroll labelled UFIF VUUFIE.
  1680 | D:2      | 1680 ||| READING scroll labelled FINAAJ IFOT.
  1681 | D:2      | 1681 ||| READING scroll labelled FEXZINTYFO.
  1682 | D:2      | 1682 ||| READING 2 scrolls of identify.
  1682 | D:2      | 1682 ||| IDENTIFYING coppery potion
  1708 | D:3      | 1708 ||| PLANNING SEWER
  1906 | D:3      | 1906 ||| DROPPING +0 club.
  2419 | D:3      | 2419 ||| RIP SEWER
  2502 | D:3      | 2502 ||| PLANNING D:1-11
  2580 | D:3      | 2580 ||| Stepping ~*~*~tactically~*~*~ (water).
  2599 | D:3      | 2599 ||| UPGRADING to +0 kite shield.
  2609 | D:3      | 2609 ||| DROPPING +0 buckler.
  2610 | D:3      | 2610 ||| READING scroll labelled GOOXEDW ATEOHI.
  2711 | D:3      | 2711 ||| READING scroll labelled OSEREM KEMUI.
  2715 | D:3      | 2715 ||| READING 3 scrolls of identify.
  2715 | D:3      | 2715 ||| IDENTIFYING puce potion
  2807 | D:4      | 2807 ||| Stepping ~*~*~tactically~*~*~ (hiding).
  2811 | D:4      | 2811 ||| DRINKING 3 potions of curing.
  2811 | D:4      | 2811 ||| (to cure confusion)
  2814 | D:4      | HP: 7/32 [orc/+0 whip (3)]
  2815 | D:4      | 2815 ||| DRINKING 2 potions of curing.
  2815 | D:4      | 2815 ||| (to cure confusion)
  2817 | D:4      | 2817 ||| Stepping ~*~*~tactically~*~*~ (hiding).
  2818 | D:4      | 2818 ||| DRINKING potion of curing.
  2818 | D:4      | 2818 ||| (to cure confusion)
  2823 | D:4      | Reached XP level 6. HP: 16/37 MP: 6/6
  2893 | D:4      | 2893 ||| Stepping ~*~*~tactically~*~*~ (stealth).
  2943 | D:4      | 2943 ||| Stepping ~*~*~tactically~*~*~ (stealth).
  2946 | D:4      | 2946 ||| Stepping ~*~*~tactically~*~*~ (stealth).
  2956 | D:4      | 2956 ||| Stepping ~*~*~tactically~*~*~ (stealth).
  2996 | D:4      | Reached skill level 5 in Axes
  3018 | D:4      | Reached XP level 7. HP: 24/44 MP: 7/7
  3136 | D:4      | 3136 ||| Stepping ~*~*~tactically~*~*~ (hiding).
  3141 | D:4      | 3141 ||| Stepping ~*~*~tactically~*~*~ (hiding).
  3145 | D:4      | Reached skill level 1 in Dodging
  3484 | D:4      | 3484 ||| Stepping ~*~*~tactically~*~*~ (stealth).
  3486 | D:4      | Noticed Ijyb
  3486 | D:4      | 3486 ||| Stepping ~*~*~tactically~*~*~ (hiding).
  3489 | D:4      | 3489 ||| Stepping ~*~*~tactically~*~*~ (hiding).
  3504 | D:4      | Killed Ijyb
  3538 | D:4      | 3538 ||| UPGRADING to +0 pair of boots.
  3543 | D:4      | 3543 ||| READING scroll labelled VUXKUCL WESUEK.
  3544 | D:4      | 3544 ||| READING 2 scrolls of identify.
  3544 | D:4      | 3544 ||| IDENTIFYING glowing dark potion
  3545 | D:4      | 3545 ||| DROPPING potion of invisibility.
  3580 | D:5      | Entered Level 5 of the Dungeon
  3790 | D:5      | Reached skill level 6 in Axes
  3801 | D:5      | HP: 9/44 [gnoll/+0 spear[a gnoll sergeant] (5)]
  3802 | D:5      | 3802 ||| READING 2 scrolls of teleportation.
  3804 | D:5      | Mangled by a gnoll

Levels and vault maps discovered:
D:1:      minmay_arrival_shattered_statue, layout_basic, basic_ecumenical_altar
D:2:      layout_basic, hangedman_abyss_or_decor_lesser_grid, uniq_natasha
D:3:      layout_basic, portal_sewer_entry_e, kennysheep_small_spiral,
          minmay_misc_feat_enclosed, nicolae_elevator_lobby_asterisk
D:4:      kennysheep_the_goblin_king, layout_basic
D:5:      layout_basic, uniq_eustachio, uniq_sigmund

Skill      XL: |  1  2  3  4  5  6  7 |
---------------+----------------------+-----
Axes           | 2 3 4 5 6 |  6.0
Shields        | 4 5 |  5.6
Fighting       | 4 |  4.5
Dodging        | 1 |  1.0
Armour         | |  3.2

Action                     |  1- 3 |  4- 6 |  7- 9 || total
---------------------------+-------+-------+-------++-------
  Melee: War axe           |    93 |   102 |    78 ||   273
  Throw: Boomerang         |    28 |       |       ||    28
    Use: Scroll            |     3 |     7 |     3 ||    13
         Potion            |     1 |     3 |       ||     4
 Armour: Scale mail        |    47 |    48 |    55 ||   150
  Dodge: Dodged            |    42 |    41 |    33 ||   116
  Block: Buckler           |    17 |     6 |       ||    23
         Kite shield       |       |    21 |    49 ||    70

Table legend:
 A = Non-vault XP
 B = Vault XP
 C = Vault XP percentage of total XP
 D = Non-vault monster count
 E = Vault monster count
 F = Vault count percentage of total count
                 A         B        C        D         E       F
            +---------+---------+-------+---------+---------+-------
      Total |     962 |      97 |   9.2 |      85 |      16 |  15.8
            +---------+---------+-------+---------+---------+-------
        D:1 |      44 |       0 |   0.0 |      25 |       0 |   0.0
        D:2 |      87 |      35 |  28.7 |      11 |       1 |   8.3
        D:3 |      13 |      12 |  48.0 |       7 |       8 |  53.3
        D:4 |     524 |      50 |   8.7 |      31 |       7 |  18.4
        D:5 |     294 |       0 |   0.0 |      11 |       0 |   0.0
            +---------+---------+-------+---------+---------+-------
